 Dungeon Crawl Stone Soup version 0.18-a0-70-ga1704d9 (webtiles) character file.

234 Elenmir the Charmwright (level 5, 0/35 HPs)
             Began as a High Elf Skald on Nov 10, 2015.
             Slain by Grinder (8 damage)
             ... on level 3 of the Dungeon.
             The game lasted 00:31:52 (1978 turns).

Elenmir the Charmwright (High Elf Skald)            Turns: 1978, Time: 00:31:53

Health: 0/35       AC:  3    Str: 11    XL:     5   Next: 75%
Magic:  5/10       EV: 14    Int: 13    God:
Gold:   91         SH:  0    Dex: 19    Spells: 3 memorised, 6 levels left

rFire  . . .     SeeInvis .     a - +0 falchion
rCold  . . .     Clarity  .     y - +0 leather armour
rNeg   . . .     SustAt   +     (no shield)
rPois  .         Gourm    .     (helmet restricted)
rElec  .         Spirit   .     (no cloak)
rCorr  .         Warding  .     (no gloves)
rMut   .         Stasis   .     (no boots)
MR     .....                    (no amulet)
Stlth  ++........               v - ring of sustain attributes
                                w - +3 ring of dexterity

@: infused, not resistant to hostile enchantments, unstealthy
A: horns 1, dopey 1, low mp 1
a: no special abilities


You were on level 3 of the Dungeon.
You were not hungry.

You visited 1 branch of the dungeon, and saw 3 of its levels.

You collected 91 gold pieces.

Inventory:

Hand Weapons
 a - a +0 falchion (weapon)
 l - a +0 vampiric dagger
Missiles
 b - 71 bolts
 j - 56 stones (quivered)
 k - 12 sling bullets
 m - 8 sling bullets of flame
Armour
 y - a +0 leather armour (worn)
Jewellery
 n - an uncursed ring of flight
 v - a ring of sustain attributes (right hand)
 w - a +3 ring of dexterity (left hand)
Scrolls
 e - a scroll of recharging {unknown}
 g - a scroll of enchant weapon {unknown}
 i - a scroll of random uselessness {unknown}
 o - a scroll of identify {unknown}
 s - a scroll of immolation {unknown}
 u - a scroll of fear {unknown}
Potions
 r - a potion of mutation
Books
 c - a book of Battle

   Spells                             Type                      Level
   a - Infusion                       Charms                       1
   b - Shroud of Golubria             Charms/Translocation         2
   c - Song of Slaying                Charms                       2
   d - Spectral Weapon                Hexes/Charms                 3
   e - Regeneration                   Charms/Necromancy            3
Comestibles
 d - 2 bread rations
 f - 2 fruits
 h - 3 chunks of flesh
 q - 2 meat rations


   Skills:
 + Level 2.5 Fighting
 + Level 3.2 Long Blades
 + Level 1.1 Armour
 * Level 3.8 Dodging
 + Level 1.4 Stealth
 + Level 3.5 Spellcasting
 + Level 4.6 Charms


You had 6 spell levels left.
You knew the following spells:

 Your Spells              Type           Power        Failure   Level  Hunger
a - Infusion              Chrm           ##....       4%          1    #......
b - Song of Slaying       Chrm           ##......     8%          2    ##.....
c - Shroud of Golubria    Chrm/Tloc      #.........   17%         2    ##.....


Dungeon Overview and Level Annotations

Branches:
Dungeon (3/15)

Altars:

Annotations:
D:3 Grinder


Innate Abilities, Weirdness & Mutations

You have a pair of small horns on your head.
You are dopey. (Int -2)
Your magical capacity is low (-10% MP).


Message History

Unknown command.
Unknown command.
Unknown command.
Unknown command.
Unknown command.
Unknown command.
Unknown command.
Unknown command.
Unknown command.
Unknown command.
Unknown command.
Unknown command.
You barely miss Grinder.
Grinder is moderately wounded.
Grinder barely misses you.
You barely miss Grinder.
Grinder is moderately wounded.
Your shroud begins to fray at the edges.
Grinder barely misses you. Grinder hits you!
You die...

.....##.# #....#
..#..##.# #....#
#.......# #....#
#.......# #....#
#.#.....# ##..###
#.#.....# #....##
....#....# ###....#
....##....##......#
#....###..##....@.#
#..#. ..#.....5..#
..... ...........#
.#..!.......#
..............#
.........##...#
#..#.....# #..#
...!..... ..#


You could see Grinder.

Vanquished Creatures
  Sigmund (D:2)
  3 adders (D:2)
  2 worms
  4 giant geckos
  7 bats
  A giant cockroach (D:2)
  3 goblins
  6 hobgoblins
  A ball python (D:2)
  2 giant newts
  7 kobolds
  9 rats
46 creatures vanquished.

Notes
Turn   | Place    | Note
--------------------------------------------------------------
     0 | D:1      | Elenmir the High Elf Skald began the quest for the Orb.
     0 | D:1      | Reached XP level 1. HP: 14/14 MP: 4/4
   200 | D:1      | Reached XP level 2. HP: 14/19 MP: 2/6
   219 | D:1      | Reached skill level 1 in Armour
   439 | D:1      | Learned a level 2 spell: Song of Slaying
   553 | D:1      | Learned a level 2 spell: Shroud of Golubria
   888 | D:2      | Reached skill level 4 in Charms
   888 | D:2      | Reached XP level 3. HP: 18/24 MP: 2/7
  1131 | D:2      | Gained mutation: You have a pair of small horns on your head. [potion of mutation]
  1131 | D:2      | Gained mutation: Your magical capacity is low (-10% MP). [potion of mutation]
  1131 | D:2      | Gained mutation: You are dopey. (Int -2) [potion of mutation]
  1558 | D:2      | Noticed Sigmund
  1571 | D:2      | Killed Sigmund
  1571 | D:2      | Reached skill level 1 in Stealth
  1571 | D:2      | Reached XP level 4. HP: 12/30 MP: 2/9
  1571 | D:2      | Reached XP level 5. HP: 14/35 MP: 2/10
  1967 | D:3      | Noticed Grinder
  1978 | D:3      | Slain by Grinder

Vault maps used:
D:1:      dpeg_arrival_tiny_h
D:2:      uniq_sigmund
D:3:      minmay_distorted, uniq_grinder

Action                   |  1- 3 |  4- 6 || total
-------------------------+-------+-------++-------
Melee: Falchion          |   110 |    28 ||   138
Throw: Stone             |     3 |       ||     3
 Cast: Infusion          |    21 |     4 ||    25
       Song of Slaying   |     4 |       ||     4
       Shroud of Golubri |     1 |     1 ||     2
  Use: Potion            |     5 |     1 ||     6
 Stab: Sleeping          |     3 |     1 ||     4
  Eat: Chunk             |     3 |     1 ||     4
